Map: [EWC] Crimson Court

Players

Maru - Winner!

  • Race: Terran Terran
  • Spawn Location: 7:00

Spirit

  • Race: Terran Terran
  • Spawn Location: 1:00

Event: Esports World Cup 2024

VOD

Have the link to the VOD?

Description

Time

  • Played on: Aug. 14, 2024, 5:44 a.m.
  • Length: 9:07

All games in this series

Show
View Real Time Build Order
Export as new Build Order

Maru Terran - Winner!

Build Orders: Cyclone Opening 

Get SALT Encoding   

  12  0:00  SCV  
  13  0:12  SCV  
  14  0:17  Supply Depot  
  14  0:24  SCV  
  15  0:38  SCV  
  15  0:40  Barracks  
  16  0:43  Refinery  
  16  0:50  SCV  
  16  0:52  Refinery  
  17  1:02  SCV  
  18  1:14  SCV  
  19  1:27  Orbital Command, Reaper  
  19  1:30  Supply Depot  
  20  1:40  Factory  
  20  1:52  SCV  
  21  1:59  Reaper  
  22  2:05  SCV  
  23  2:15  Command Center  
  23  2:17  SCV  
  24  2:24  Hellion  
  24  2:29  SCV  
  27  2:33  Starport  
  27  2:41  SCV  
  28  2:44  Supply Depot  
  28  2:47  Cyclone  
  30  2:53  SCV, Barracks Reactor  
  30  3:06  SCV  
  30  3:10  Medivac  
  33  3:18  SCV  
  33  3:19  Cyclone  
  36  3:21  Refinery  
  36  3:27  Orbital Command  
  36  3:29  Marine  
  36  3:30  SCV  
  36  3:31  Marine  
  39  3:40  Starport Tech Lab  
  39  3:47  Marine  
  40  3:48  Marine  
  40  3:49  SCV  
  40  3:53  SCV, Factory Tech Lab  
  43  3:57  Supply Depot  
  43  3:59  Raven  
  43  4:01  SCV  
  46  4:05  SCV, Marine  
  46  4:06  Marine  
  49  4:13  SCV  
  50  4:17  SCV  
  50  4:19  Siege Tank  
  50  4:22  Supply Depot  
  54  4:25  SCV  
  54  4:29  SCV  
  56  4:33  Marine x2  
  56  4:34  Raven, Interference Matrix  
  56  4:37  SCV  
  61  4:42  SCV  
  62  4:49  SCV  
  62  4:51  Command Center  
  63  4:54  Siege Tank  
  63  4:55  SCV  
  63  4:59  Supply Depot  
  67  5:05  SCV  
  67  5:06  Supply Depot  
  68  5:08  Raven  
  70  5:20  Supply Depot  
  70  5:21  SCV x2, Refinery  
  72  5:26  Siege Tank  
  75  5:33  SCV  
  75  5:34  Barracks  
  76  5:35  Barracks  
  76  5:36  SCV  
  77  5:45  SCV  
  77  5:48  Marine  
  79  5:50  Viking x2  
  79  5:51  SCV  
  83  5:57  SCV  
  83  6:00  Siege Tank  
  83  6:03  SCV  
  88  6:04  Orbital Command  
  88  6:08  Marine, Stimpack  
  90  6:11  SCV  
  90  6:17  SCV  
  91  6:19  Engineering Bay  
  91  6:20  Engineering Bay  
  91  6:22  Orbital Command  
  91  6:23  Viking  
  93  6:27  Viking  
  93  6:30  SCV x2  
  97  6:33  Barracks Reactor  
  97  6:34  Barracks Reactor  
  97  6:41  Siege Tank  
  97  6:42  SCV  
  97  6:44  Supply Depot  
  97  6:45  SCV  
  102  6:48  SCV  
  102  6:53  Marine  
  104  6:57  SCV  
  104  6:58  SCV  
  106  7:03  SCV  
  106  7:10  SCV x2, Marine x4  
  106  7:11  Marine  
  106  7:14  Siege Tank  
  114  7:15  SCV  
  114  7:17  Supply Depot  
  114  7:22  SCV x2  
  117  7:29  Marine x3  
  112  7:30  Marine x2  
  112  7:32  Viking  
  112  7:33  Viking  
  117  7:38  Supply Depot x2  
  117  7:39  SCV  
  116  7:46  Marine  
  116  7:47  Marine x2  
  116  7:48  Marine x2  
  121  7:53  SCV  
  121  7:57  SCV  
  123  8:00  SCV  
  123  8:02  Viking  
  123  8:03  Viking  
  123  8:04  Marine  
  123  8:05  SCV, Marine x2  
  110  8:09  SCV  
  110  8:11  Marine x2  
  110  8:12  SCV  
  114  8:17  SCV  
  111  8:21  SCV  
  111  8:22  Siege Tank, Marine  
  111  8:23  Marine x2  
  111  8:24  SCV  
  117  8:27  Barracks  
  117  8:28  Barracks  
  117  8:29  Marine x2  
  117  8:32  Medivac  
  111  8:40  Marine x2  
  111  8:41  Marine  
  107  8:42  SCV  
  107  8:47  Marine x2  
Show
View Real Time Build Order
Export as new Build Order

Spirit Terran 

Build Orders: Cyclone Opening 

Get SALT Encoding   

  12  0:00  SCV  
  13  0:12  SCV  
  14  0:17  Supply Depot  
  14  0:24  SCV  
  15  0:38  SCV  
  15  0:39  Barracks  
  16  0:44  Refinery  
  16  0:50  SCV  
  16  0:52  Refinery  
  17  1:03  SCV  
  18  1:15  SCV  
  19  1:26  Reaper  
  19  1:27  Orbital Command  
  19  1:30  Supply Depot  
  20  1:42  Factory  
  20  1:52  SCV  
  21  1:58  Reaper  
  22  2:04  SCV  
  23  2:16  SCV  
  24  2:22  Command Center  
  24  2:27  Hellion  
  24  2:29  SCV  
  27  2:32  Barracks Reactor  
  27  2:41  SCV  
  27  2:42  Supply Depot  
  28  2:49  Cyclone  
  30  2:53  SCV  
  31  3:04  Starport  
  31  3:05  SCV  
  32  3:09  Marine x2  
  34  3:17  SCV  
  35  3:21  Cyclone  
  35  3:23  Refinery  
  37  3:29  Marine x2  
  39  3:34  SCV  
  39  3:37  Orbital Command  
  40  3:41  Starport Tech Lab  
  40  3:47  Supply Depot  
  40  3:48  Marine x2  
  41  3:51  SCV  
  41  3:55  Factory Tech Lab  
  43  4:02  Raven, Interference Matrix  
  45  4:03  SCV  
  45  4:05  SCV  
  47  4:15  SCV  
  45  4:17  SCV  
  45  4:20  Marine x2  
  48  4:24  Siege Tank  
  48  4:27  Supply Depot, SCV  
  48  4:29  SCV  
  55  4:38  Raven  
  55  4:39  SCV  
  55  4:41  SCV  
  55  4:43  Marine  
  55  4:45  Marine  
  59  4:51  SCV  
  60  4:53  SCV  
  60  4:56  Siege Tank  
  60  4:57  Starport  
  60  4:59  Refinery  
  64  5:05  SCV  
  66  5:08  Supply Depot  
  66  5:09  Supply Depot  
  66  5:10  SCV  
  67  5:22  SCV  
  67  5:26  Viking  
  69  5:29  Siege Tank, Viking  
  69  5:31  Supply Depot  
  74  5:35  Viking  
  74  5:36  SCV  
  74  5:37  SCV  
  78  5:49  SCV  
  80  5:50  Supply Depot, SCV  
  80  5:53  Supply Depot  
  80  5:56  Viking  
  82  5:59  Viking  
  82  6:01  SCV  
  82  6:03  Supply Depot, Siege Tank  
  88  6:09  Viking  
  91  6:11  SCV  
  91  6:27  Command Center  
  91  6:30  Liberator  
  94  6:36  Viking  
  96  6:43  Viking  
  96  6:46  SCV x2  
  100  6:48  Siege Tank  
  100  6:52  Supply Depot  
  103  6:58  SCV x2  
  105  7:09  Fusion Core  
  105  7:10  SCV x2, Factory  
  106  7:17  Viking  
  106  7:22  SCV  
  107  7:23  Siege Tank, SCV  
  108  7:33  Viking  
  108  7:34  SCV  
  109  7:38  SCV  
  110  7:46  SCV  
  110  7:47  Orbital Command  
  110  7:49  Refinery x2  
  110  7:50  SCV  
  112  7:55  Viking x2  
  116  7:59  SCV  
  116  8:02  SCV  
  110  8:07  Siege Tank  
  110  8:11  SCV  
  101  8:13  Siege Tank  
  101  8:14  SCV  
  101  8:21  SCV  
  101  8:23  SCV  
  101  8:24  Viking  
  101  8:26  SCV  
  106  8:33  SCV  
  96  8:35  SCV  
  96  8:38  SCV  
  94  8:47  SCV  
  92  8:50  SCV  
Tags
 
Add a new tag
Caveats
  • Supply blocks, unpowered buildings, or Contaminate may cause inaccurate times.
  • Supply counts are checked every 10 seconds.